[Event "Team 45 45 League T73"]
[Site "Internet Chess Club"]
[Date "2017.07.19"]
[Round "5"]
[White "bmw2002"]
[Black "Constrictor"]
[Result "1/2-1/2"]
[WhiteElo "1549"]
[BlackElo "1500"]
[Opening "English: Caro-Kann defensive system"]
[ECO "A11"]
[Time "20:01:16"]
[TimeControl "2700+45"]

1. c4 c6 2. g3 d5 3. Bg2 Nf6 4. cxd5 cxd5 5. d4 Nc6 6. Nc3 e6 7. a3 a6 8. Nf3
Bd6 9. O-O O-O 10. b4 b5 11. Bg5 h6 12. Bd2 Qb6 13. e3 Bb7 14. Rb1 Rfc8 15. Rb3
Qd8 16. Qb1 Qe7 17. Ne1 Na7 18. Nd3 Rc7 19. Nc5 Nc8 20. Nxb7 Rxb7 21. e4 Nxe4
22. Nxe4 dxe4 23. Bxe4 Nb6 24. Bxb7 Qxb7 25. Be3 Nc4 26. Qd1 Qd5 27. Rc3 Rd8 28.
Qg4 Kh7 29. f3 f5 30. Qh4 Nxe3 31. Qxd8 Nxf1 32. Kxf1 Qxd4 33. Qc8 Qd1+ 34. Kg2
Be5 35. Rc2 Bd4 36. Qc6 e5 37. Ra2 e4 38. fxe4 Qg1+ 39. Kh3 Qf1+ 40. Rg2 Qf3 41.
Rc2 Qf1+ 42. Rg2 Qf3 43. Rc2 Qf1+ 44. Rg2 Qf3 45. Rc2 Qf1+ {Game drawn by
repetition} 1/2-1/2

[Event "Team 45 45 League T73"]
[Site "Internet Chess Club"]
[Date "2017.07.15"]
[Round "5"]
[White "mongmong"]
[Black "arthchan2003"]
[Result "1-0"]
[WhiteElo "1494"]
[BlackElo "1341"]
[Opening "Queen's pawn game"]
[ECO "D02"]
[Time "13:00:23"]
[TimeControl "2700+45"]

1. d4 d5 2. Nf3 e6 3. e3 Bd6 4. Bd3 Nf6 5. O-O O-O 6. Nbd2 Nbd7 7. e4 Be7 8. e5
Ne8 9. Qe2 c5 10. c3 cxd4 11. cxd4 b6 12. Re1 Bb7 13. Nf1 h6 14. h3 Rc8 15. N3h2
Bb4 16. Bd2 Bxd2 17. Qxd2 Nb8 18. Re3 Ba6 19. Bxa6 Nxa6 20. a3 f6 21. exf6 Rxf6
22. Ng4 Rg6 23. Qd3 Rxg4 24. hxg4 Nac7 25. Rc1 Nf6 26. Qd1 Qe7 27. f3 Rf8 28.
Qe2 Nfe8 29. Rec3 Rf6 30. a4 a6 31. Qe5 Rf7 32. b3 a5 33. Rc6 b5 34. R6c5 bxa4
35. bxa4 Na6 36. Rxa5 Nec7 37. Qe3 Qb4 38. Qc3 Qe7 39. Nd2 Kh8 40. Nb3 Kg8 41.
Nc5 Nxc5 42. Qxc5 e5 43. Qxe7 Rxe7 44. dxe5 Ne6 45. Rxd5 Nf4 46. Rd2 Rxe5 47.
Kf2 Kh7 48. g3 Ng6 49. Rb1 h5 50. gxh5 Rxh5 51. Rb5 Rh2+ 52. Ke3 Rh3 53. g4 Kh6
54. a5 Nh4 55. Rf2 Rh1 56. a6 Ra1 57. Rh5+ {Black resigns} 1-0

[Event "Team 45 45 League T73"]
[Site "Internet Chess Club"]
[Date "2017.07.15"]
[Round "5"]
[White "BrerRabbit"]
[Black "UrsaMajor"]
[Result "0-1"]
[WhiteElo "1345"]
[BlackElo "1504"]
[Opening "Queen's pawn: London system"]
[ECO "A45"]
[Time "10:34:25"]
[TimeControl "2700+45"]

1. d4 Nf6 2. Bf4 e6 3. e3 Be7 4. Nd2 d5 5. Bd3 O-O 6. c3 c5 7. h3 c4 8. Bc2 b5
9. Ngf3 Nc6 10. Ne5 Nxe5 11. Bxe5 Bd6 12. Bxd6 Qxd6 13. O-O b4 14. Ba4 bxc3 15.
bxc3 Rb8 16. Rb1 Bd7 17. Bxd7 Rxb1 18. Qxb1 Rb8 19. Qc2 Qxd7 20. Rb1 Qc7 21. Rb4
a5 22. Rb2 g6 23. Qb1 Nd7 24. Nf3 f6 25. g4 Rxb2 26. Qxb2 Qb6 27. Qc2 Kf7 28. h4
Qb5 29. h5 a4 30. hxg6+ hxg6 31. Nh4 f5 32. gxf5 exf5 33. f4 Nf6 34. Qg2 Ng4 35.
Qg3 Qb1+ 36. Kg2 Qxa2+ 37. Kh3 Qh2+ 38. Qxh2 Nxh2 39. Ng2 Ng4 40. Ne1 Nxe3
{White resigns} 0-1

[Event "Team 45 45 League T73"]
[Site "Internet Chess Club"]
[Date "2017.07.17"]
[Round "5"]
[White "smsxman"]
[Black "WzeroMN"]
[Result "1-0"]
[WhiteElo "1353"]
[BlackElo "1115"]
[Opening "Four knights: Italian variation"]
[ECO "C47"]
[Time "12:01:51"]
[TimeControl "2700+45"]

1. e4 e5 2. Nc3 Nc6 3. Nf3 Nf6 4. Bc4 d5 5. exd5 Na5 6. Bb5+ Bd7 7. Bxd7+ Qxd7
8. Nxe5 Qd6 9. Qe2 O-O-O 10. O-O Re8 11. d4 Nxd5 12. Qg4+ Re6 13. Nxf7 Nf6 14.
Nxd6+ {Black resigns} 1-0

[Event "Team 45 45 League T73"]
[Site "Internet Chess Club"]
[Date "2017.07.15"]
[Round "5"]
[White "chesskix"]
[Black "az2112"]
[Result "0-1"]
[WhiteElo "1405"]
[BlackElo "1686"]
[Opening "English opening"]
[ECO "A16"]
[Time "12:00:45"]
[TimeControl "2700+45"]

1. c4 Nf6 2. Nc3 g6 3. g3 Bg7 4. Bg2 O-O 5. d3 c6 6. Nf3 d5 7. cxd5 cxd5 8. O-O
Nc6 9. Rb1 e5 10. Nd2 Be6 11. Nb3 b6 12. Bg5 h6 13. Bxf6 Bxf6 14. e3 Qd7 15. Re1
Rfd8 16. Qf3 Bg7 17. Qd1 Ne7 18. d4 e4 19. Ne2 g5 20. f4 Bg4 21. Qd2 Bf3 22. Rf1
Qg4 23. Bxf3 exf3 24. Nc3 Qh5 25. fxg5 hxg5 26. Rf2 g4 27. Re1 Nc6 28. a3 a6 29.
Na2 Rd6 30. Nac1 Re8 31. Nd3 Qg6 32. Nf4 Qe4 33. Ng2 fxg2 34. Rfe2 Rde6 35. Qd1
Bh6 36. Qd2 Rf6 37. Rxg2 Bxe3+ 38. Rxe3 Qxe3+ 39. Qxe3 Rxe3 {White resigns} 0-1

[Event "Team 45 45 League T73"]
[Site "Internet Chess Club"]
[Date "2017.07.16"]
[Round "5"]
[White "ChessMaine"]
[Black "RonaldoR"]
[Result "0-1"]
[WhiteElo "1485"]
[BlackElo "1618"]
[Opening "Queen's pawn: stonewall attack"]
[ECO "D00"]
[Time "20:01:18"]
[TimeControl "2700+45"]

1. d4 d5 2. e3 Nf6 3. Bd3 Bg4 4. Ne2 e6 5. f3 Bh5 6. Nf4 Bg6 7. Nxg6 hxg6 8. Nd2
Be7 9. c3 Qd6 10. g3 Nbd7 11. e4 dxe4 12. Nxe4 Nxe4 13. Bxe4 Qxg3+ 14. hxg3
Rxh1+ 15. Ke2 Rxd1 16. Kxd1 O-O-O 17. Bd2 Rh8 18. Kc2 Nf6 19. Bd3 Bd6 20. Rg1
Rh2 21. Kd1 Nh5 22. g4 Nf4 23. Bc4 Nh3 24. Rf1 Bf4 25. Bxf4 Nxf4 26. b4 Kd7 27.
Re1 Kd6 28. Re4 g5 29. Re5 f6 30. Re1 c6 31. a4 Nd5 32. Kc1 Rh3 33. Bxd5 cxd5
34. Re3 e5 35. Kd2 Rh2+ 36. Kd3 exd4 37. Kxd4 Rd2+ 38. Rd3 Rxd3+ 39. Kxd3 Ke5
40. Ke3 g6 41. a5 f5 42. b5 b6 43. a6 f4+ 44. Kd3 Ke6 45. Kd4 Kd6 46. c4 dxc4
47. Kxc4 Ke5 48. Kc3 Kd5 49. Kd3 Kc5 50. Ke4 Kxb5 51. Ke5 Kxa6 52. Kf6 b5 53.
Kxg6 b4 54. Kxg5 b3 55. Kxf4 b2 56. g5 b1=Q 57. g6 Qxg6 {White resigns} 0-1

[Event "Team 45 45 League T73"]
[Site "Internet Chess Club"]
[Date "2017.07.15"]
[Round "5"]
[White "Bible-Believer"]
[Black "seattleblues"]
[Result "0-1"]
[WhiteElo "1391"]
[BlackElo "1276"]
[Opening "Queen's pawn: London system"]
[ECO "A45"]
[Time "15:01:12"]
[TimeControl "2700+45"]

1. d4 Nf6 2. Bf4 e6 3. e3 b6 4. Nd2 d5 5. Bd3 Nbd7 6. c3 Be7 7. Ngf3 Bb7 8. Ne5
O-O 9. Qf3 Re8 10. g4 Nf8 11. g5 N6d7 12. h4 Nxe5 13. dxe5 Rb8 14. Qg4 d4 15.
Rg1 dxc3 16. Bxh7+ Nxh7 17. Nf3 Bxf3 18. Qxf3 Qd2+ 19. Kf1 Qd3+ 20. Kg2 cxb2 21.
Rad1 Qa6 22. g6 fxg6 23. Kh3 g5 24. Bxg5 Bxg5 25. hxg5 Rf8 26. Qg4 Rxf2 27. g6
Nf8 28. Qg3 Qe2 29. Rde1 Qh5+ 30. Qh4 Rf3+ 31. Rg3 Qxh4+ 32. Kxh4 Rxg3 33. Kxg3
Nxg6 34. Rb1 Nxe5 35. Rxb2 c5 36. Rd2 Nf7 {White resigns} 0-1

[Event "Team 45 45 League T73"]
[Site "Internet Chess Club"]
[Date "2017.07.15"]
[Round "5"]
[White "Conjurer"]
[Black "kingsrook"]
[Result "0-1"]
[WhiteElo "1238"]
[BlackElo "1227"]
[Opening "Queen's pawn, Mason variation"]
[ECO "D00"]
[Time "13:10:18"]
[TimeControl "2700+45"]

1. d4 d5 2. Bf4 Nf6 3. e3 c5 4. c3 Nc6 5. Nf3 e6 6. Bd3 Bd6 7. Bg3 O-O 8. Ne5
Qc7 9. Qf3 Nxe5 10. dxe5 Bxe5 11. Nd2 c4 12. Bc2 b5 13. O-O Bb7 14. e4 Rad8 15.
Qe3 a6 16. Nf3 Bxg3 17. hxg3 dxe4 18. Ng5 Qc6 19. Rfe1 Ng4 20. Bxe4 Nxe3 21.
Bxc6 Bxc6 22. Rxe3 Rd2 23. b4 Rfd8 24. Nf3 Bxf3 25. gxf3 R8d3 26. f4 Rxe3 27.
fxe3 Rd3 28. Kf2 Rxc3 29. Ke2 Rd3 30. Rd1 Rxd1 31. Kxd1 Kf8 32. Kd2 Ke7 33. Kc3
Kd6 34. Kd4 f6 35. a3 g6 36. g4 h6 37. e4 e5+ 38. fxe5+ fxe5+ 39. Ke3 Ke6 {White
resigns} 0-1

[Event "Team 45 45 League T73"]
[Site "Internet Chess Club"]
[Date "2017.07.18"]
[Round "5"]
[White "g8wrb"]
[Black "GideonL"]
[Result "1/2-1/2"]
[WhiteElo "1217"]
[BlackElo "1348"]
[Opening "Ruy Lopez: Wormald (Alapin) attack"]
[ECO "C77"]
[Time "15:47:43"]
[TimeControl "2700+45"]

1. e4 e5 2. Nf3 Nc6 3. Bb5 a6 4. Ba4 Nf6 5. Qe2 d6 6. O-O Bd7 7. c3 Be7 8. Rd1
O-O 9. d4 b5 10. Bb3 exd4 11. cxd4 Bg4 12. Bf4 Re8 13. Nc3 Nh5 14. Be3 Na5 15.
Bc2 Nc4 16. Bc1 h6 17. b3 Nb6 18. h3 Bd7 19. Be3 Nf6 20. e5 Nh7 21. Qd3 Nf8 22.
Bf4 Ng6 23. exd6 Bxd6 24. Bxd6 cxd6 25. Ne2 Bc6 26. Nc3 Nd5 27. Nxd5 Bxd5 28.
Re1 {Game drawn by mutual agreement} 1/2-1/2

[Event "Team 45 45 League T73"]
[Site "Internet Chess Club"]
[Date "2017.07.16"]
[Round "5"]
[White "seattleblues"]
[Black "SeniorCitizen"]
[Result "1-0"]
[WhiteElo "1299"]
[BlackElo "1224"]
[Opening "QGD: 4.Nf3"]
[ECO "D37"]
[Time "15:15:05"]
[TimeControl "2700+45"]

1. d4 d5 2. Nf3 e6 3. c4 Nf6 4. Nc3 b6 5. Bg5 Bb7 6. e3 Be7 7. Bd3 Nbd7 8. O-O
dxc4 9. Bxc4 Ne4 10. Bxe7 Qxe7 11. Qc2 Nxc3 12. Qxc3 Bxf3 13. gxf3 O-O 14. Be2
Nf6 15. f4 Rac8 16. Bf3 Nd5 17. Qd2 c5 18. dxc5 Rxc5 19. Rac1 Qd6 20. Rfd1 Rfc8
21. e4 Qxf4 22. Qxf4 Nxf4 23. Rxc5 bxc5 24. Rc1 Nd3 25. Rb1 Kf8 26. Be2 Ne5 27.
f4 Ng6 28. f5 exf5 29. exf5 Ne5 30. b3 Ke7 31. Rc1 Kf6 32. Bf1 Rc7 33. Bh3 Nf3+
34. Kg2 Nd4 35. Bg4 g6 36. fxg6 hxg6 37. Rc4 Kg7 38. b4 Ne6 39. Bxe6 fxe6 40.
Kf3 Kf6 41. Ke4 Ke7 42. Ke5 Rc6 43. Rxc5 Rd6 44. Rc7+ Rd7 45. Rxd7+ Kxd7 46. a4
a6 47. h3 g5 48. b5 {Black resigns} 1-0

[Event "Team 45 45 League T73"]
[Site "Internet Chess Club"]
[Date "2017.07.16"]
[Round "5"]
[White "kabubi"]
[Black "joaoazm"]
[Result "0-1"]
[WhiteElo "1193"]
[BlackElo "1245"]
[Opening "French defense"]
[ECO "C00"]
[Time "20:01:03"]
[TimeControl "2700+45"]

1. e4 e6 2. Nf3 d5 3. d3 dxe4 4. dxe4 Qxd1+ 5. Kxd1 Bc5 6. Nbd2 Nf6 7. Ke1 Ng4
8. h3 Nxf2 9. Rh2 f5 10. exf5 exf5 11. g3 Ne4 12. Re2 O-O 13. Nxe4 fxe4 14. Rxe4
Rxf3 15. Re8+ Rf8 16. Bc4+ Kh8 17. Bf7 Rxe8+ 18. Bxe8 Bxh3 19. Bg5 Nd7 20. Bxd7
Bxd7 21. Rd1 Bg4 22. Bf4 Re8+ {White resigns} 0-1

[Event "Team 45 45 League T73"]
[Site "Internet Chess Club"]
[Date "2017.07.13"]
[Round "5"]
[White "grekor"]
[Black "oldbookseller"]
[Result "1-0"]
[WhiteElo "1115"]
[BlackElo "913"]
[Opening "Giuoco Pianissimo"]
[ECO "C50"]
[Time "15:18:57"]
[TimeControl "2700+45"]

1. e4 e5 2. Bc4 Bc5 3. Nf3 Nc6 4. d3 Nf6 5. Ng5 O-O 6. Qf3 Nd4 7. Qd1 d5 8. exd5
Nxd5 9. c3 Nc6 10. Qh5 h6 11. Ne4 Qe7 12. Bxd5 Be6 13. Bxe6 Qxe6 14. Nxc5 Qd6
15. Ne4 Qxd3 16. f3 Rad8 17. Bd2 Qc2 18. O-O Qxb2 19. Bxh6 Qxa1 20. Bxg7 Nd4 21.
Qh8# {Black checkmated} 1-0

[Event "Team 45 45 League T73"]
[Site "Internet Chess Club"]
[Date "2017.07.17"]
[Round "5"]
[White "mongmong"]
[Black "Electryon"]
[Result "0-1"]
[WhiteElo "1476"]
[BlackElo "1472"]
[Opening "QGD Slav: 4.e3 Bf5"]
[ECO "D12"]
[Time "06:01:19"]
[TimeControl "2700+45"]

1. d4 d5 2. Nf3 Nf6 3. e3 Bf5 4. c4 c6 5. Nc3 e6 6. Nh4 Bg4 7. Qb3 Qb6 8. h3 Bh5
9. g4 Bg6 10. Nxg6 hxg6 11. g5 Nfd7 12. Qc2 Be7 13. f4 Nf8 14. Bd3 Nbd7 15. Bd2
dxc4 16. Bxc4 Qc7 17. Bd3 Nb6 18. Ne4 Nfd7 19. Bc3 Nd5 20. a3 {White resigns}
0-1

[Event "Team 45 45 League T73"]
[Site "Internet Chess Club"]
[Date "2017.07.13"]
[Round "5"]
[White "Aquaman"]
[Black "Toalla"]
[Result "0-1"]
[WhiteElo "1295"]
[BlackElo "1202"]
[Opening "Benoni defense, Hromodka system"]
[ECO "A43"]
[Time "17:09:04"]
[TimeControl "2700+45"]

1. d4 c5 2. d5 d6 3. c4 Nf6 4. Nc3 g6 5. Bg5 Bg7 6. Nf3 O-O 7. Bh6 Bxh6 8. e3
Bg4 9. Be2 Nbd7 10. h3 Bxf3 11. Bxf3 Ne5 12. Be2 Qa5 13. O-O Bg7 14. a3 a6 15.
Rb1 Qc7 16. b4 cxb4 17. axb4 Nxc4 18. Na2 b5 19. Nc1 Ne4 20. Nb3 Nc3 21. Qe1
Nxb1 22. Qxb1 Bc3 23. Na5 Nd2 24. Qd1 Nxf1 25. Bxf1 Bxb4 26. Nc6 Bc5 27. e4 Rfe8
28. Qc2 Rac8 29. e5 dxe5 30. Qxc5 Qd6 31. Qxd6 exd6 32. Be2 e4 33. Bg4 Rc7 34.
Kh2 h5 35. Bd1 Kg7 36. g4 e3 37. fxe3 Rxe3 38. Kg2 hxg4 39. hxg4 Rc8 40. Bf3
Rce8 41. g5 Ra3 42. Kg3 Ree3 43. Nd4 Rec3 44. Kg4 b4 45. Nb5 axb5 {White
resigns} 0-1

[Event "Team 45 45 League T73"]
[Site "Internet Chess Club"]
[Date "2017.07.17"]
[Round "5"]
[White "tasawyer81"]
[Black "GiantsFan"]
[Result "1-0"]
[WhiteElo "1127"]
[BlackElo "1118"]
[Opening "QGD: Ragozin variation"]
[ECO "D38"]
[Time "07:03:22"]
[TimeControl "2700+45"]

1. d4 d5 2. c4 e6 3. Nf3 Nf6 4. Nc3 Bb4 5. Bd2 Ke7 6. e3 Re8 7. Bd3 g6 8. Qc2
Kf8 9. O-O Kg8 10. e4 c6 11. Bg5 Nbd7 12. e5 Bxc3 13. bxc3 a6 14. exf6 Nxf6 15.
Rab1 Kg7 16. Qd2 Qe7 17. Rfe1 h5 18. cxd5 cxd5 19. Ne5 Rh8 20. Qf4 b5 21. Nc6
Qa3 22. Qxf6+ Kg8 23. Ne7+ Kh7 24. Qxf7# {Black checkmated} 1-0

[Event "Team 45 45 League T73"]
[Site "Internet Chess Club"]
[Date "2017.07.16"]
[Round "5"]
[White "RobertBuice"]
[Black "WzeroMN"]
[Result "0-1"]
[WhiteElo "1073"]
[BlackElo "1122"]
[Opening "Nimzo-Indian: three knights variation"]
[ECO "E21"]
[Time "15:30:42"]
[TimeControl "2700+45"]

1. d4 Nf6 2. c4 e6 3. Nf3 Bb4+ 4. Nc3 O-O 5. Bg5 Re8 6. e3 Bxc3+ 7. bxc3 d6 8.
Bd3 h6 9. Bxf6 Qxf6 10. O-O e5 11. Qc2 g6 12. dxe5 dxe5 13. e4 c5 14. Rab1 b6
15. a4 Nc6 16. Qb3 Rb8 17. Qb5 a6 18. Qb3 a5 19. Rfe1 Bg4 20. Re3 Bd7 21. Rd1
Ne7 22. Be2 Bg4 23. h3 Bxf3 24. Rxf3 Qc6 25. Qc2 Rbd8 26. Rxd8 Rxd8 27. Rg3 Qd6
28. h4 Qd2 29. Qxd2 Rxd2 30. Kf1 Rc2 31. f3 Rxc3 32. h5 g5 33. Kf2 Ra3 34. f4
Rxg3 35. Kxg3 gxf4+ 36. Kg4 Kg7 37. Bd3 Nc6 38. Kf5 f6 39. Ke6 Nb4 40. Be2 Nc2
41. Kd6 Nb4 42. Bg4 Kf7 43. Be6+ Ke8 44. Bd7+ Kd8 45. Bb5 Nc2 46. Ke6 Nd4+ 47.
Kxf6 f3 48. gxf3 Nxf3 49. Kg6 Nd4 50. Kxh6 Ne6 51. Kg6 Nf8+ 52. Kg7 Ne6+ 53. Kg8
Ng5 54. h6 Nxe4 55. h7 Nf6+ 56. Kg7 Nxh7 57. Kxh7 e4 58. Bc6 e3 59. Bf3 Kd7 60.
Kg6 Ke6 61. Kg5 Ke5 62. Kg4 Kd4 63. Be2 Kc3 64. Kf3 Kb4 65. Kxe3 Kxa4 66. Ke4
Kb4 67. Kd5 a4 68. Bd3 a3 69. Bb1 Kb3 70. Kc6 Kb2 71. Kxb6 Kxb1 72. Kxc5 a2 73.
Kc6 a1=Q 74. c5 Qa5 75. Kd5 Kc2 76. Kc4 Qa6+ 77. Kb4 Kd3 78. Kb3 Qb5+ 79. Ka3
Qxc5+ 80. Ka4 Qb6 81. Ka3 Kc4 {White resigns} 0-1

[Event "Team 45 45 League T73"]
[Site "Internet Chess Club"]
[Date "2017.07.15"]
[Round "5"]
[White "smsxman"]
[Black "drsigmund1"]
[Result "1-0"]
[WhiteElo "1346"]
[BlackElo "1402"]
[Opening "French defense"]
[ECO "C00"]
[Time "12:00:53"]
[TimeControl "2700+45"]

1. e4 e6 2. Nc3 Bb4 3. Nf3 d5 4. exd5 exd5 5. Be2 Nf6 6. O-O O-O 7. a3 Bd6 8.
Nb5 Bf4 9. d4 c6 10. Nxa7 Bxc1 11. Nxc8 Bxb2 12. Rb1 Bxa3 13. Nb6 Ra6 {Black
resigns} 1-0

[Event "Team 45 45 League T73"]
[Site "Internet Chess Club"]
[Date "2017.07.14"]
[Round "5"]
[White "stantheman59"]
[Black "Just-Jim"]
[Result "1-0"]
[WhiteElo "1318"]
[BlackElo "1313"]
[Opening "Caro-Kann defense"]
[ECO "B12"]
[Time "19:03:05"]
[TimeControl "2700+45"]

1. d4 c6 2. e4 d6 3. Bc4 Nf6 4. Nc3 h6 5. h3 e6 6. Bf4 Be7 7. Nf3 O-O 8. Qd2 b5
9. Bd3 Nh7 10. e5 dxe5 11. Bxh7+ Kxh7 12. Qd3+ f5 13. Nxe5 Bg5 14. Ne2 Ba6 15.
Bxg5 Qxg5 16. Qb3 Qxg2 17. O-O-O Qxf2 18. Rd2 c5 19. Qxe6 b4 20. Qg6+ Kg8 21.
Rg1 Qxg1+ 22. Nxg1 Bb7 23. dxc5 Nc6 24. Rd7 Nxe5 25. Qxg7# {Black checkmated}
1-0

[Event "Team 45 45 League T73"]
[Site "Internet Chess Club"]
[Date "2017.07.17"]
[Round "5"]
[White "Xbug"]
[Black "rhayder"]
[Result "1-0"]
[WhiteElo "1183"]
[BlackElo "1118"]
[Opening "King's Indian: 6.Be2"]
[ECO "E91"]
[Time "18:31:27"]
[TimeControl "2700+45"]

1. d4 Nf6 2. c4 g6 3. Nc3 Bg7 4. e4 d6 5. Nf3 O-O 6. Be2 c5 7. d5 Bd7 8. O-O a6
9. a4 a5 10. Bd2 Na6 11. Nb5 Nb4 12. Bxb4 axb4 13. b3 Nxe4 14. Rc1 Bxb5 15. cxb5
Nc3 16. Qd2 Nxe2+ 17. Qxe2 b6 18. h3 Qd7 19. Rc4 Rfe8 20. Rcc1 Qf5 21. Rcd1 Be5
22. Nxe5 Qxe5 23. Qxe5 dxe5 24. Rfe1 f6 25. d6 Rad8 26. dxe7 Rxd1 27. Rxd1 Rxe7
28. Rd6 Rb7 29. Kf1 c4 30. bxc4 b3 31. Rd3 b2 32. Rb3 Rd7 33. Ke2 Rd4 34. Rxb2
Rxc4 35. a5 bxa5 36. b6 Rc8 37. b7 Rb8 38. Kd3 a4 39. Kc2 a3 40. Rb3 a2 41. Kb2
a1=Q+ 42. Kxa1 Kf8 43. Kb2 Ke8 44. Kc3 Kd8 45. Kc4 Kc7 46. Kd5 Rxb7 47. Rxb7+
Kxb7 48. Ke6 f5 49. Kxe5 Kc6 50. Kf6 Kc5 51. Kg7 Kd4 52. Kxh7 Kd3 53. Kxg6 Ke2
54. Kxf5 Kxf2 55. g4 Kg3 56. g5 Kxh3 57. g6 {Black resigns} 1-0

[Event "Team 45 45 League T73"]
[Site "Internet Chess Club"]
[Date "2017.07.17"]
[Round "5"]
[White "LittleButton"]
[Black "room-matt"]
[Result "1/2-1/2"]
[WhiteElo "1861"]
[BlackElo "1785"]
[Opening "Queen's pawn, Mason variation"]
[ECO "D00"]
[Time "14:43:52"]
[TimeControl "2700+45"]

1. d4 d5 2. Bf4 Nf6 3. e3 c5 4. Nd2 Bf5 5. c3 Qb6 6. Qb3 c4 7. Qxb6 axb6 8. Ngf3
Nc6 9. Be2 e6 10. O-O Be7 11. h3 h6 12. Ne5 Nxe5 13. Bxe5 O-O 14. Rfe1 Nd7 15.
e4 Bg6 16. Bh2 Rfe8 17. Bf3 Bg5 18. Nf1 dxe4 19. Bxe4 Bxe4 20. Rxe4 b5 21. a3
Nf6 22. Re5 Nd5 23. Rae1 Bf6 24. R5e2 Ra6 25. Ne3 Rd8 26. Nxd5 Rxd5 27. Be5 Bg5
28. Re4 Kf8 29. Bf4 f5 30. Bxg5 fxe4 31. Bf4 Rf5 32. Rxe4 g5 33. Be5 Ke7 34. h4
Ra8 35. hxg5 hxg5 36. f3 Rg8 37. Kf2 g4 38. f4 Rg6 39. Re1 Kd7 40. Rh1 Kc6 41.
Rh8 Rf7 42. Rc8+ Kb6 43. Rh8 Kc6 44. Rc8+ Kb6 45. Rh8 Kc6 46. Rc8+ {Game drawn
by repetition} 1/2-1/2

[Event "Team 45 45 League T73"]
[Site "Internet Chess Club"]
[Date "2017.07.12"]
[Round "5"]
[White "Goli"]
[Black "ChessHouston"]
[Result "0-1"]
[WhiteElo "1739"]
[BlackElo "1680"]
[Opening "Pirc defense"]
[ECO "B07"]
[Time "17:29:56"]
[TimeControl "2700+45"]

1. e4 d6 2. d4 Nf6 3. Nc3 g6 4. f3 Bg7 5. Be3 O-O 6. Qd2 Nc6 7. O-O-O Re8 8. g4
e5 9. d5 Nd4 10. Bxd4 exd4 11. Nb5 c5 12. dxc6 bxc6 13. Nxd4 Bb7 14. h4 d5 15.
exd5 Nxd5 16. Nb3 Qf6 17. Qd4 Qxd4 18. Nxd4 Ne3 19. c3 Nxd1 20. Kxd1 Rad8 21.
Kc2 Re1 22. Bg2 Bxd4 23. cxd4 Rxd4 24. Kc3 Rdd1 {White resigns} 0-1

[Event "Team 45 45 League T73"]
[Site "Internet Chess Club"]
[Date "2017.07.14"]
[Round "5"]
[White "Yedixon"]
[Black "zap2"]
[Result "0-1"]
[WhiteElo "1720"]
[BlackElo "1738"]
[Opening "King's pawn opening"]
[ECO "B07"]
[Time "09:43:21"]
[TimeControl "2700+45"]

1. e4 d6 2. f4 c6 3. Nf3 Bg4 4. Be2 Nf6 5. d3 e6 6. O-O Na6 7. h3 Bxf3 8. Bxf3
Be7 9. a3 O-O 10. Be3 Qc7 11. Nc3 Rfd8 12. Qe1 d5 13. e5 Ne8 14. Ne2 c5 15. c3
Rac8 16. Qg3 g6 17. Rac1 Ng7 18. Qf2 Nf5 19. g4 Bh4 {White resigns} 0-1

[Event "Team 45 45 League T73"]
[Site "Internet Chess Club"]
[Date "2017.07.16"]
[Round "5"]
[White "Duguesclin"]
[Black "Beetlejuice"]
[Result "0-1"]
[WhiteElo "1523"]
[BlackElo "1750"]
[Opening "Dutch with c4 & Nc3"]
[ECO "A85"]
[Time "08:16:09"]
[TimeControl "2700+45"]

1. d4 f5 2. c4 Nf6 3. Nc3 g6 4. Nf3 Bg7 5. Qb3 d6 6. Bg5 e6 7. e4 h6 8. Bxf6
Bxf6 9. e5 dxe5 10. dxe5 Bg7 11. Rd1 Qe7 12. Be2 Nc6 13. Qb5 O-O 14. O-O a6 15.
Qa4 Nxe5 16. Rfe1 Nc6 17. Qb3 b6 18. g3 Bb7 19. Nh4 Qf7 20. c5 Nd4 21. Qc4 b5
22. Qd3 Rfd8 23. Qb1 b4 24. Na4 Qd7 25. Nc3 bxc3 26. bxc3 Nxe2+ 27. Kf1 Qc6 28.
Kxe2 g5 29. Rxd8+ Rxd8 30. Ng6 Kf7 {White resigns} 0-1

[Event "Team 45 45 League T73"]
[Site "Internet Chess Club"]
[Date "2017.07.18"]
[Round "5"]
[White "santiagoelawad"]
[Black "TheRailgun"]
[Result "0-1"]
[WhiteElo "1949"]
[BlackElo "1907"]
[Opening "English: symmetrical, main line with d4"]
[ECO "A39"]
[Time "21:21:47"]
[TimeControl "2700+45"]

1. c4 c5 2. Nc3 Nc6 3. g3 Nf6 4. Bg2 g6 5. Nf3 Bg7 6. O-O O-O 7. d4 cxd4 8. Nxd4
Qb6 9. Nb3 d6 10. Be3 Qa6 11. Nb5 Rb8 12. a4 Be6 13. Bd5 Rfc8 14. Bxe6 fxe6 15.
c5 d5 16. N3d4 Kf7 17. Bf4 e5 18. Nxc6 bxc6 19. Bxe5 cxb5 20. Bxb8 Rxb8 21. axb5
Qxb5 22. Qc2 Ne4 23. c6 Rc8 24. Rxa7 Rxc6 25. Qd3 Qxd3 26. exd3 Nd2 27. Rd1 Rc2
28. b4 Bd4 29. Ra5 Nf3+ 30. Kg2 Rxf2+ 31. Kh3 Ng5+ 32. Kg4 Bf6 33. Rh1 h5+ 34.
Kh4 Ne6+ 35. Kh3 g5 36. g4 h4 37. Rxd5 Nf4# {White checkmated} 0-1

[Event "Team 45 45 League T73"]
[Site "Internet Chess Club"]
[Date "2017.07.15"]
[Round "5"]
[White "kabindra"]
[Black "JPSVI"]
[Result "1-0"]
[WhiteElo "1661"]
[BlackElo "1401"]
[Opening "French: advance variation"]
[ECO "C02"]
[Time "15:08:11"]
[TimeControl "2700+45"]

1. e4 e6 2. d4 d5 3. e5 b6 4. Bb5+ c6 5. Bd3 Ne7 6. Nf3 c5 7. c3 Nec6 8. O-O Be7
9. Re1 O-O 10. a3 a5 11. Be3 c4 12. Bc2 b5 13. Nbd2 a4 14. Nf1 Nd7 15. Rc1 f6
16. exf6 Bxf6 17. Ng3 e5 18. dxe5 Ndxe5 19. Bc5 Re8 20. Nxe5 Nxe5 21. h3 Bb7 22.
Nh5 g6 23. Nxf6+ Qxf6 24. Bd4 Qd6 25. f4 Nc6 26. f5 Rxe1+ 27. Qxe1 Nxd4 28. cxd4
gxf5 29. Bxf5 Rf8 30. Be6+ Kh8 31. Rc3 Qf4 32. Rf3 Qxd4+ 33. Qf2 Qxf2+ 34. Kxf2
Rxf3+ 35. Kxf3 d4+ 36. Kf2 Bc6 37. g3 Kg7 38. Ke2 Kf6 39. Bg4 Ke5 40. h4 Ke4 41.
Bf3+ Ke5 42. Bxc6 {Black resigns} 1-0

[Event "Team 45 45 League T73"]
[Site "Internet Chess Club"]
[Date "2017.07.16"]
[Round "5"]
[White "fireball"]
[Black "Portola"]
[Result "1-0"]
[WhiteElo "1573"]
[BlackElo "1703"]
[Opening "French: Rubinstein variation"]
[ECO "C10"]
[Time "15:07:02"]
[TimeControl "2700+45"]

1. e4 e6 2. d4 d5 3. Nc3 dxe4 4. Nxe4 Be7 5. Nf3 Nd7 6. Bd3 Ngf6 7. Qe2 O-O 8.
Bg5 g6 9. Bh6 Re8 10. O-O-O Nxe4 11. Qxe4 Nf6 12. Qe3 Ng4 13. Qd2 Nxh6 14. Qxh6
Bd7 15. h4 Bf8 16. Qd2 Bc6 17. h5 Bxf3 18. gxf3 Qxd4 19. hxg6 fxg6 20. Rxh7 Kxh7
21. Bxg6+ Kxg6 22. Qxd4 Rad8 23. Qe4+ Kf7 24. Qf4+ Kg6 25. Rg1+ Kh7 26. Qf7+
{Black resigns} 1-0